 Dungeon Crawl Stone Soup version 0.30-a0-883-g5ad918d77d (webtiles) character file.

Game seed: 4364730823074651061

241 cforsyth the Ogre Mage (level 6, -3/53 HPs)
             Began as an Ogre Fire Elementalist on Mar 18, 2023.
             Slain by a gnoll
             ... wielding a +0 flail
             ... led by a gnoll bouda
              (4 damage)
             ... on level 4 of the Dungeon.
             The game lasted 00:10:54 (4414 turns).

cforsyth the Ogre Mage (Ogre Fire Elementalist)     Turns: 4414, Time: 00:10:55

Health: -3/53      AC:  3    Str: 13    XL:     6   Next: 8%
Magic:  2/11       EV: 10    Int: 18    God:
Gold:   270        SH:  0    Dex:  9    Spells: 9/12 levels left

rFire   . . .      SeeInvis .    (no weapon)
rCold   + . .      Faith    .    (no shield)
rNeg    . . .      Spirit   .    a - +0 robe
rPois   .          Reflect  .    (helmet restricted)
rElec   .          Rampage  .    (no cloak)
rCorr   .                        (gloves unavailable)
Will    .....                    (boots unavailable)
Stlth   ++                       (no amulet)
HPRegen 0.28/turn                c - ring of protection from cold
MPRegen 0.12/turn                f - +4 ring of slaying

@: about to teleport
A: large, unfitting armour, tough skin 1
a: no special abilities


You were on level 4 of the Dungeon.
You visited 1 branch of the dungeon, and saw 5 of its levels.

You collected 270 gold pieces.

Inventory:

Armour
 a - a +0 robe (worn)
Jewellery
 c - a ring of protection from cold (left hand)
 f - a +4 ring of slaying (right hand)
 k - a +6 ring of dexterity
Scrolls
 e - 3 scrolls of teleportation
 g - 3 scrolls of identify
 i - a scroll of torment {unknown}
 j - a scroll of enchant armour {unknown}
 m - 3 scrolls of magic mapping {unknown}
 n - a scroll of silence {unknown}
 p - a scroll of fog {unknown}
 r - a scroll of poison {unknown}
Potions
 b - a potion of magic
 d - a potion of heal wounds {unknown}
 h - 2 potions of cancellation {unknown}
 l - a potion of curing
 o - a potion of degeneration {unknown}
 q - a potion of mutation {unknown}


   Skills:
 - Level 2.6 Dodging
 - Level 2.2 Stealth
 + Level 3.9 Spellcasting
 + Level 2.5 Conjurations
 + Level 3.7 Fire Magic


You had 9 spell levels left.
You knew the following spells:

 Your Spells              Type           Power      Damage    Failure   Level
a - Foxfire               Conj/Fire      56%        2x1d6     4%          1
b - Scorch                Fire           32%        2d7       4%          2

Your spell library contained the following spells:

 Spells                   Type           Power      Damage    Failure   Level
 Inner Flame              Hex/Fire       10%        N/A       21%         3
 Kindle Blastsparks       Fire/Tloc/Air  14%        2d11      26%         3
 Flame Wave               Conj/Fire      14%        2d6       38%         4


Dungeon Overview and Level Annotations

Branches:
Dungeon (5/15)
 Temple: D:4-7

Altars:
Dithmenos
Elyvilon
Okawaru
Sif Muna
Wu Jian
Yredelemnul

Annotations:
D:2 Terence
D:3 Sigmund
D:4 Edmund


Innate Abilities, Weirdness & Mutations

You are too large for most types of armour.
You have tough skin. (AC +1)


Message History

You conjure some foxfire!
The foxfire hits the gnoll bouda.
The gnoll bouda is almost dead.
The adder barely misses you. The gnoll barely misses you.
The gnoll hits you from afar with a +0 spear.
The adder barely misses you. The gnoll attacks as you move away!
The gnoll hits you with a +0 flail.
The foxfire hits the gnoll bouda.
You kill the gnoll bouda!
The foxfire hits the adder.
You kill the adder!
The gnoll hits you from afar with a +0 spear.
The gnoll closely misses you. x2
You have reached level 6!
You feel stronger.
Unknown command.
Unknown command.
As you read the scroll labelled MERUVO ZEATAP, it crumbles to dust.
It is a scroll of identify.
e - 4 scrolls of teleportation The gnoll closely misses you.
The gnoll hits you but does no damage.
The gnoll hits you from afar with a +0 spear. x2
As you read the scroll of teleportation, it crumbles to dust.
You feel strangely unstable.
The gnoll hits you from afar with a +0 spear.
The gnoll hits you with a +0 flail!
* * * LOW HITPOINT WARNING * * *
The gnoll hits you with a +0 flail.
* * * LOW HITPOINT WARNING * * *
The gnoll closely misses you.
The gnoll hits you from afar with a +0 spear.
* * * LOW HITPOINT WARNING * * *
Unknown command.
Unknown command.
Unknown command.
Okay, then.
Unknown command.
The gnoll hits you from afar with a +0 spear.
* * * LOW HITPOINT WARNING * * *
The jelly barely misses you. The gnoll hits you with a +0 flail.
You die...

####### ##########
##....... ## #........#
##........
.######.......###.gg......
...#..#.......##@g).......
...#..#.......#..Jgg......
#.....######..............
#..#....#....>............
###....ยง#.................
##...#.....#####..........
.....#....#..# ...........
#.######.....# ..........
#..##..#..#.............


You could see a jelly and 5 gnolls.

Vanquished Creatures
  A scorpion (D:4)
  A gnoll bouda (D:4)
  2 orc wizards (D:3)
  2 adders
  An ufetubus (D:4)
  A worm (D:2)
  2 dart slugs
  6 orcs (D:3)
  4 bats
  3 endoplasms
  11 giant cockroaches
  7 goblins
  6 hobgoblins
  3 quokkas
  6 ball pythons
  4 frilled lizards
  5 kobolds
  6 rats
71 creatures vanquished.

Vanquished Creatures (others)
  369 foxfires
369 creatures vanquished.

Grand Total: 440 creatures vanquished

Notes
Turn   | Place    | Note
-------+----------+-------------------------------------------
     0 | D:1      | cforsyth the Ogre Fire Elementalist began the quest for the
                  | Orb.
     0 | D:1      | Reached XP level 1. HP: 16/16 MP: 3/3
   144 | D:1      | Reached skill level 1 in Conjurations
   306 | D:1      | Reached XP level 2. HP: 24/24 MP: 2/5
  1289 | D:2      | Reached XP level 3. HP: 31/31 MP: 5/7
  2534 | D:2      | Noticed Terence
  2611 | D:3      | Reached XP level 4. HP: 39/39 MP: 4/8
  2618 | D:3      | Learned a level 2 spell: Scorch
  3026 | D:3      | Noticed Sigmund
  3630 | D:3      | Reached XP level 5. HP: 45/45 MP: 2/9
  3704 | D:3      | Found a basalt altar of Yredelemnul.
  3704 | D:3      | Found a white marble altar of Elyvilon.
  3710 | D:3      | Found a faded altar of an unknown god.
  3712 | D:3      | Found an iron altar of Okawaru.
  3714 | D:3      | Found a shimmering blue altar of Sif Muna.
  3773 | D:3      | You fall into a shaft and drop 2 floors!
  3773 | D:5      | Entered Level 5 of the Dungeon
  3883 | D:4      | Found an ornate altar of the Wu Jian Council.
  4059 | D:4      | Noticed Edmund
  4241 | D:4      | Found a shadowy altar of Dithmenos.
  4412 | D:4      | Reached XP level 6. HP: 36/53 MP: 2/11
  4414 | D:4      | HP: 1/53 [gnoll/+0 spear[a gnoll bouda] (2)]
  4414 | D:4      | Slain by a gnoll

Illustrated notes

Levels and vault maps discovered:
D:1:      dpeg_arrival_signposts, layout_loops_ring
D:2:      minmay_roachtagon, layout_basic, kennysheep_path_1,
          roderic_st_hans_cross, kennysheep_generic_room_9, uniq_terence
D:3:      layout_rooms, chequers_temple_overflow_minitemple,
          kennysheep_generic_room_8, uniq_sigmund
D:4:      layout_basic, grunt_dithmenos_smoke,
          mainiacjoe_overflow_six_doors_small, hangedman_decor_push, uniq_edmund
D:5:      layout_loops_corners, nicolae_gozag_seed_capital,
          minmay_tree_intersection, minmay_strange_pillars, chequers_avenue,
          uniq_prince_ribbit1

Skill      XL: |  1  2  3  4 |
---------------+-------------+-----
Conjurations   | 1 2 |  2.5
Dodging        | 2 |  2.6
Fire Magic     | 3 |  3.7
Spellcasting   | 3 |  3.9
Stealth        | 2 |  2.2

Action                     |  1- 3 |  4- 6 || total
---------------------------+-------+-------++-------
  Melee: Unarmed           |     2 |     1 ||     3
   Cast: Foxfire           |   108 |   106 ||   214
         Scorch            |       |     3 ||     3
    Use: Scroll            |       |     2 ||     2
 Armour: Robe              |     7 |     7 ||    14
  Dodge: Dodged            |    16 |    25 ||    41

Table legend: (Time is in decaauts)
 A = Elapsed time spent in this place.
 B = Non-inter-level travel time spent in this place.
 C = Inter-level travel time spent in this place.
 D = Time resting spent in this place.
 E = Time spent auto-exploring this place.
 F = Levels seen in this place.
 G = Mean time per level.
                   A        B        C        D        E       F      G
               +--------+--------+--------+--------+--------+-----+--------+
         Total |   4418 |   4255 |    163 |    252 |   3178 |   5 |  883.6 |
       Dungeon |   4418 |   4255 |    163 |    252 |   3178 |   5 |  883.6 |
               +--------+--------+--------+--------+--------+-----+--------+

Top non-repeatable levels by time:
     D:2: 1491 daAuts
     D:1: 1420 daAuts
     D:3: 963 daAuts
     D:4: 514 daAuts
     D:5: 29 daAuts
